 Dungeon Crawl Stone Soup version 0.19.1-1-g22dce08 (webtiles) character file.

245 ponk the Poker (level 5, -1/41 HPs)
             Began as a Demonspawn Abyssal Knight on Jan 18, 2017.
             Was a Believer of Lugonu.
             Slain by Eustachio
             ... wielding a +0 rapier
              (5 damage)
             ... on level 4 of the Dungeon.
             The game lasted 00:07:43 (2503 turns).

ponk the Poker (Demonspawn Abyssal Knight)          Turns: 2503, Time: 00:07:44

Health: -1/41      AC:  9    Str: 13    XL:     5   Next: 83%
Magic:  6/6        EV:  9    Int: 18    God:    Lugonu [**....]
Gold:   197        SH:  0    Dex: 12    Spells: 0 memorised, 4 levels left

rFire  . . .     SeeInvis +     a - +1 spear
rCold  . . .     Gourm    .     o - +0 scale mail
rNeg   . . .     Faith    .     (no shield)
rPois  .         Spirit   .     (no helmet)
rElec  .         Reflect  .     (no cloak)
rCorr  .         Harm     .     b - +2 pair of gloves
MR     .....                    (no boots)
Stlth  ..........               (no amulet)
                                m - +4 ring of intelligence
                                j - ring of see invisible

@: very slightly contaminated, hasted and slowed
A: talons 2, spiny 1
a: Depart the Abyss, Bend Space, Renounce Religion


You were on level 4 of the Dungeon.
You worshipped Lugonu.
Lugonu was pleased with you.
You were not hungry.

You visited 1 branch of the dungeon, and saw 4 of its levels.
You visited the Abyss 1 time.

You collected 197 gold pieces.

Inventory:

Hand Weapons
 a - a +1 spear (weapon)
Missiles
 l - 6 needles of confusion
 n - 18 poisoned needles
Armour
 b - a +2 pair of gloves (worn)
 o - a +0 scale mail (worn)
Jewellery
 j - a ring of see invisible (left hand)
 m - a +4 ring of intelligence (right hand)
 s - a +1 ring of protection {unknown}
Wands
 t - a wand of flame (28/48)
Scrolls
 e - a scroll of magic mapping
 f - 6 scrolls of identify
 g - 3 scrolls of recharging {unknown}
 i - a scroll of noise {unknown}
 k - a scroll of remove curse {unknown}
 r - a scroll of random uselessness {unknown}
Potions
 d - 3 potions of curing
 q - a potion of might {unknown}
 w - 2 potions of mutation {unknown}
 x - a potion of brilliance {unknown}
Comestibles
 c - 4 bread rations
 p - a meat ration
 u - a chunk of flesh
 v - a slice of pizza


   Skills:
 - Level 3.4 Fighting
 + Level 5.3 Polearms
 - Level 1.8 Armour
 - Level 0.8 Dodging
 - Level 2.4 Invocations


You had 4 spell levels left.
You didn't know any spells.

Dungeon Overview and Level Annotations

Branches:
Dungeon (4/15)
 Temple: D:4-7

Altars:
Gozag
Okawaru
Ru
Sif Muna
Yredelemnul
The Shining One

Annotations:
D:4 Eustachio


Innate Abilities, Weirdness & Mutations

You have razor-sharp toenails.
You are partially covered in sharp spines.


Message History

The river rat bites you but does no damage.
Eustachio is struck by your spines. Eustachio barely misses you.
You barely miss Eustachio. Your kick misses Eustachio.
Eustachio is severely wounded.
The white imp barely misses you. The river rat is struck by your spines.
You kill the river rat!
The river rat's corpse disappears in a puff of smoke!
Eustachio mumbles some strange words.
The white imp hits you but does no damage.
It was a potion of haste.
You feel yourself speed up. Eustachio hits you with a rapier!
* * * LOW HITPOINT WARNING * * *
The shadow imp hits you but does no damage.
You are very lightly contaminated with residual magic.
You closely miss Eustachio. You claw Eustachio, but do no damage.
Eustachio is severely wounded.
The quasit disappears in a puff of smoke!
The shadow imp hits you but does no damage.
Eustachio hits you with a rapier.
You die...

...####......##
#...........#####
#................
#............####
#..######..### #..
##.## # #.5#########
#..5.5.....##
##.@@...[...#
####..#######..##.#
#..#.....# ##..##.##
#.......### ##.@.##..#
######....###..r.#...#
##..............#
##...............#
...................#
#########.####.....##


You could see Eustachio, a white imp, a shadow imp and an ufetubus.

Vanquished Creatures
  The ghost of Paps the Sneak, an amateur GrAs (D:3)
  A crimson imp (D:3)
  2 hound skeletons
  6 adders
  2 dart slugs
  2 leopard geckos
  An orc (D:4)
  8 bats
  3 giant cockroaches
  9 goblins
  5 hobgoblins
  A quokka (D:3)
  4 ball pythons
  5 frilled lizards
  5 kobolds
  5 rats
60 creatures vanquished.

Notes
Turn   | Place    | Note
-------+----------+-------------------------------------------
     0 | Abyss:1  | ponk the Demonspawn Abyssal Knight began the quest for the Orb.
     0 | Abyss:1  | Reached XP level 1. HP: 18/18 MP: 2/2
    80 | Abyss:1  | Noticed a large abomination
    85 | Abyss:1  | Noticed a smoke demon
    96 | D:1      | Escaped the Abyss
   305 | D:1      | Reached * piety under Lugonu
   322 | D:1      | Gained mutation: You are partially covered in sharp spines. [demonic ancestry]
   322 | D:1      | Reached XP level 2. HP: 23/24 MP: 3/3
   324 | D:1      | Reached skill level 2 in Polearms
   868 | D:2      | Gained mutation: You have sharp toenails. [demonic ancestry]
   868 | D:2      | Reached XP level 3. HP: 27/29 MP: 4/4
   991 | D:2      | Reached skill level 3 in Polearms
  1101 | D:2      | Found a sacrificial altar of Ru.
  1206 | D:2      | Found a basalt altar of Yredelemnul.
  1379 | D:2      | Found a glowing golden altar of the Shining One.
  1431 | D:3      | Gained mutation: You have razor-sharp toenails. [demonic ancestry]
  1431 | D:3      | Reached XP level 4. HP: 21/35 MP: 5/5
  1655 | D:3      | Reached ** piety under Lugonu
  1739 | D:3      | Reached skill level 4 in Polearms
  1808 | D:3      | Reached XP level 5. HP: 41/41 MP: 6/6
  2127 | D:3      | Noticed Paps's ghost (amateur GrAs)
  2149 | D:3      | Killed Paps's ghost
  2149 | D:3      | Reached skill level 5 in Polearms
  2284 | D:2      | Found an opulent altar of Gozag.
  2284 | D:2      | Found a deep blue altar of Sif Muna.
  2291 | D:2      | Found an iron altar of Okawaru.
  2467 | D:4      | Noticed Eustachio
  2503 | D:4      | Slain by Eustachio

Skill      XL: |  1  2  3  4  5 |
---------------+----------------+-----
Polearms       | 2 3 4 5 |  5.3
Fighting       | |  3.4
Armour         | |  1.8
Dodging        | |  0.8
Invocations    | |  2.4

Action                   |  1- 3 |  4- 6 || total
-------------------------+-------+-------++-------
Melee: Spear             |    99 |   103 ||   202
       Kick              |     4 |    26 ||    30
Invok: Depart the Abyss  |     1 |       ||     1
       Bend Space        |       |     1 ||     1
Evoke: Wand              |       |     1 ||     1
  Use: Scroll            |     2 |     1 ||     3
       Potion            |       |     2 ||     2
  Eat: Chunk             |     2 |     3 ||     5
Armor: Leather armour    |    21 |       ||    21
       Scale mail        |    12 |    37 ||    49
Dodge: Dodged            |    35 |    35 ||    70
